 Dungeon Crawl Stone Soup version 0.29-a0-384-g6960b1960d (webtiles) character file.

Game seed: 14406072446893889131

7664 chunkyMonkey the Insei (level 11, -11/58 HPs)
             Began as a Vine Stalker Transmuter on May 6, 2022.
             Was a Believer of Cheibriados.
             Mangled by a two-headed ogre
             ... wielding a +0 giant club
              (18 damage)
             ... on level 9 of the Dungeon.
             The game lasted 00:21:55 (9887 turns).

chunkyMonkey the Insei (Vine Stalker Transmuter)    Turns: 9887, Time: 00:21:56

Health: -11/58     AC:  6    Str: 21    XL:     11   Next: 18%
Magic:  0/20       EV: 27    Int: 19    God:    Cheibriados [**....]
Gold:   831        SH:  5    Dex: 28    Spells: 11/20 levels left

rFire   + . .      SeeInvis .     - Unarmed
rCold   . . .      Faith    .   (shield currently unavailable)
rNeg    . . .      Spirit   +   (body armour currently unavailable)
rPois   x          Reflect  +   (helmet currently unavailable)
rElec   .          Harm     .   (cloak currently unavailable)
rCorr   .          Rampage  .   (gloves currently unavailable)
Will    +....                   (boots currently unavailable)
Stlth   ++++......              j - amulet of reflection
HPRegen 0.99/turn               D - +4 ring of protection
MPRegen 0.17/turn               E - ring of protection from fire

@: spider-form, very slow
A: venomous fangs, tiny, (fangs 3), regeneration 1, magic shield, (antimagic
bite), no potion heal 2
a: End Transformation, Renounce Religion, Bend Time


You were on level 9 of the Dungeon.
You worshipped Cheibriados.
Cheibriados was pleased with you.
You were a venomous arachnid creature.
You visited 2 branches of the dungeon, and saw 10 of its levels.
You also visited: Sewer and Ossuary.

You collected 857 gold pieces.
You spent 26 gold pieces at shops.

Inventory:

Hand Weapons
 m - a +2 short sword of protection
 q - a +0 broad axe of flaming
 v - a +0 short sword of venom (melded)
 H - a +5 flail of holy wrath
Armour
 t - +0 steam dragon scales (melded)
 K - a +0 pair of boots (melded)
 L - a +1 hat (melded)
Jewellery
 a - a ring of fire
 j - an amulet of reflection (around neck)
 o - a ring of ice
 D - a +4 ring of protection (left front leg)
 E - a ring of protection from fire (right front leg)
Scrolls
 c - 2 scrolls of enchant weapon
 d - 11 scrolls of teleportation
 h - 4 scrolls of fear
 i - 2 scrolls of blinking
 w - a scroll of silence
 x - 3 scrolls of vulnerability
 y - 4 scrolls of amnesia
 z - 2 scrolls of summoning
 F - a scroll of fog
 G - a scroll of poison {unknown}
 J - a scroll of enchant armour {unknown}
 M - a scroll of magic mapping {unknown}
 N - 3 scrolls of identify
 O - a scroll of brand weapon {unknown}
 P - a scroll of noise {unknown}
Potions
 b - 2 potions of lignification
 e - a potion of mutation {unknown}
 f - 5 potions of attraction {unknown}
 g - 3 potions of ambrosia {unknown}
 k - a potion of berserk rage {unknown}
 l - 2 potions of degeneration {unknown}
 n - 4 potions of might {unknown}
 p - 7 potions of curing {unknown}
 r - 3 potions of resistance {unknown}
 s - 7 potions of haste {unknown}
 u - 4 potions of flight {unknown}
 A - 3 potions of heal wounds {unknown}
 B - a potion of magic {unknown}
 C - 2 potions of cancellation {unknown}
 I - 3 potions of brilliance {unknown}


   Skills:
 * Level 6.5 Fighting
 + Level 4.3 Armour
 * Level 6.2 Dodging
 + Level 6.6 Stealth
 * Level 7.8 Unarmed Combat
 + Level 5.3 Spellcasting
 * Level 7.1 Transmutations
 + Level 1.3 Poison Magic
 + Level 2.0 Invocations


You had 11 spell levels left.
You knew the following spells:

 Your Spells              Type           Power      Damage    Failure   Level
a - Beastly Appendage     Tmut           64%        N/A       4%          1
b - Wereblood             Tmut           32%        N/A       5%          2
c - Ignite Poison         Fire/Tmut/Pois 15%        N/A       28%         3
d - Spider Form           Tmut/Pois      21%        N/A       17%         3

Your spell library contained the following spells:

 Spells                   Type           Power      Damage    Failure   Level
 Foxfire                  Conj/Fire      20%        2x1d5     28%         1
 Freeze                   Ice            20%        1d4       28%         1
 Shock                    Conj/Air       20%        1d4       28%         1
 Ice Form                 Ice/Tmut       18%        N/A       50%         4
 Conjure Flame            Conj/Fire      5%         6-21      56%         3
 Frozen Ramparts          Ice            10%        1d3       56%         3
 Inner Flame              Hex/Fire       5%         N/A       56%         3
 Swiftness                Air            5%         N/A       56%         3
 Airstrike                Air            2%         N/A       89%         4
 Flame Wave               Conj/Fire      5%         2d5       89%         4
 Hailstorm                Conj/Ice       5%         3d4       89%         4
 Sticky Flame             Conj/Fire      5%         2d3       89%         4


Dungeon Overview and Level Annotations

Branches:
Dungeon (9/15)             Temple (1/1) D:6           Sewer (visited)
Ossuary (visited)
   Lair: D:8-11         Orc: D:9-12

Altars:
Ashenzari
Cheibriados
Dithmenos
Elyvilon
Fedhas
Gozag
Hepliaklqana
Kikubaaqudgha
Makhleb
Nemelex Xobeh
Okawaru
Qazlal
Ru
Sif Muna
Trog
Uskayaw
Vehumet
Wu Jian
Xom
Yredelemnul
Zin
The Shining One

Shops:
D:2 *   D:9 (

Annotations:
D:3 1 runed translucent door, Crazy Yiuf


Innate Abilities, Weirdness & Mutations

You are a venomous arachnid creature.
You have poisonous fangs.
You are tiny and dextrous.
Your spellcasting is less reliable in this form.
Your armour is entirely melded.
You are incapable of wielding weapons or throwing items.
((You have razor-sharp teeth.))
Your natural rate of healing is unusually fast.
When hurt, damage is shared between your health and your magic reserves.
((Your bite disrupts and absorbs the magic of your enemies.))
Potions cannot restore your health.


Message History

Confirm with . or Enter, or press ? or * to list all spells.
Your horns disappear.
Your talons disappear.
Your +1 hat unmelds from your body.
Your +0 pair of boots unmelds from your body.
You turn into a venomous arachnid creature.
Your +0 short sword of venom melds into your body.
Your +1 hat melds into your body.
Your +0 pair of boots melds into your body.
Your +0 steam dragon scales melds into your body.
Your +0 short sword of venom stops dripping with poison.
There is an open door here.
The helpless two-headed ogre fails to defend itself.
You hit the two-headed ogre.
The two-headed ogre is poisoned.
The two-headed ogre is lightly wounded.
The two-headed ogre completely misses you.
The two-headed ogre barely misses you.
You bite the two-headed ogre!
The two-headed ogre looks as sick as possible!
The two-headed ogre is lightly wounded.
You bite the two-headed ogre!
The two-headed ogre looks as sick as possible!
The two-headed ogre is moderately wounded.
The two-headed ogre hits you with a +0 giant club!!
The two-headed ogre barely misses you.
The two-headed ogre hits you with a +0 giant club.
The two-headed ogre completely misses you.
There is an open door here.
The two-headed ogre barely misses you. x2
The two-headed ogre misses you.
The two-headed ogre hits you with a +0 giant spiked club!!
The two-headed ogre attacks as you move away!
The two-headed ogre barely misses you.
The two-headed ogre hits you with a +0 giant spiked club!
You hit the two-headed ogre but do no damage.
The two-headed ogre looks as sick as possible!
The two-headed ogre is severely wounded.
The two-headed ogre hits you with a +0 giant club!!
* * * LOW HITPOINT WARNING * * *
The two-headed ogre hits you with a +0 giant spiked club!!
You die...

########
.......###############
.......'†.##.........#
.......##>...........#
..).)..#####....s....#
..))...# #.....O...#
##'##### #.........#
#....# ########.##
####.# #.# #.# ##.#
#####'## #..# #......#
########'## #......#
#.........#


You could see a two-headed ogre (extremely poisoned).

Vanquished Creatures
  A two-headed ogre (D:6)
  Maggie (D:6)
  Psyche (D:8)
  A troll (D:8)
  Grinder (D:4)
  A hornet (D:9)
  Sigmund (D:2)
  5 yaks (D:9)
  A wyvern (D:8)
  Grum (D:8)
  A steam dragon (D:6)
  Edmund (D:4)
  3 water moccasins
  3 ice beasts
  3 sky beasts
  2 orc warriors
  4 wolves (D:7)
  4 ogres
  3 centaurs
  A phantom (D:4)
  5 bullfrogs
  2 necrophages
  A wyvern zombie (D:8)
  3 scorpions
  4 howler monkeys
  3 centaur zombies (D:8)
  5 jellies
  4 orc priests
  4 gnoll shamans
  6 hounds
  Jessica (D:2)
  10 orc wizards
  3 iguanas
  4 killer bee zombies (D:8)
  8 mummies (Ossuary)
  Robin (D:3)
  15 gnolls
  11 adders
  5 river rats (Sewer)
  A shadow imp (D:7)
  4 white imps
  An ufetubus (D:6)
  2 worms
  4 dart slugs
  22 orcs
  10 endoplasms
  7 giant cockroaches
  A gnoll zombie (Ossuary)
  14 goblins
  9 hobgoblins
  4 jackals
  5 quokkas
  9 ball pythons
  6 bats
  5 frilled lizards
  3 hobgoblin zombies (Ossuary)
  6 kobolds
  3 kobold zombies (Ossuary)
  An orc zombie (Ossuary)
  30 rats
281 creatures vanquished.

Vanquished Creatures (others)
  An orc (D:6)
1 creature vanquished.

Grand Total: 282 creatures vanquished

Notes
Turn   | Place    | Note
-------+----------+-------------------------------------------
     0 | D:1      | chunkyMonkey the Vine Stalker Transmuter began the quest
                  | for the Orb.
     0 | D:1      | Reached XP level 1. HP: 9/9 MP: 4/4
    47 | D:1      | Reached skill level 1 in Fighting
   267 | D:1      | Reached XP level 2. HP: 14/14 MP: 6/6
  1476 | D:1      | Reached XP level 3. HP: 11/18 MP: 3/7
  1859 | D:2      | Found Sehec's General Store.
  1861 | D:2      | Reached skill level 1 in Stealth
  1879 | D:2      | Bought a scroll of identify for 26 gold pieces
  1996 | D:2      | Noticed Sigmund
  2000 | D:2      | Noticed Jessica
  2027 | D:2      | Killed Jessica
  2028 | D:2      | Gained mutation: Your natural rate of healing is unusually
                  | fast. [Vine Stalker growth]
  2028 | D:2      | Reached XP level 4. HP: 23/23 MP: 5/8
  2086 | D:2      | Found a faded altar of an unknown god.
  2496 | D:2      | Killed Sigmund
  2497 | D:2      | Reached XP level 5. HP: 26/27 MP: 6/10
  2497 | D:2      | Reached XP level 6. HP: 31/32 MP: 6/11
  2634 | D:2      | Learned a level 2 spell: Wereblood
  2793 | D:3      | Noticed Robin
  2825 | D:3      | Killed Robin
  3429 | D:3      | Found a stormy altar of Qazlal.
  3511 | D:3      | Found a runed translucent door.
  3512 | D:3      | Noticed Crazy Yiuf
  3706 | D:4      | Found a glowing drain.
  3714 | D:4      | Reached skill level 1 in Armour
  3714 | D:4      | Reached XP level 7. HP: 35/35 MP: 12/12
  3840 | Sewer    | Entered a sewer
  4388 | D:4      | Noticed Grinder
  4412 | D:4      | Killed Grinder
  4413 | D:4      | Gained mutation: You have razor-sharp teeth. [Vine Stalker
                  | growth]
  4413 | D:4      | Reached XP level 8. HP: 40/40 MP: 9/14
  4444 | D:4      | Reached skill level 5 in Unarmed Combat
  4601 | D:4      | Noticed Edmund
  4683 | D:4      | Killed Edmund
  4843 | D:5      | Entered Level 5 of the Dungeon
  5122 | D:5      | Reached XP level 9. HP: 46/46 MP: 14/16
  5360 | D:5      | Reached skill level 5 in Transmutations
  6126 | D:6      | Noticed Maggie
  6141 | D:6      | Killed Maggie
  6148 | D:6      | Reached skill level 5 in Stealth
  6150 | D:6      | Reached skill level 5 in Fighting
  6445 | D:6      | Found a staircase to the Ecumenical Temple.
  6594 | D:6      | Noticed a two-headed ogre
  6625 | D:6      | Killed a two-headed ogre
  6626 | D:6      | Reached skill level 5 in Dodging
  6626 | D:6      | Reached XP level 10. HP: 31/51 MP: 9/18
  6704 | Temple   | Entered the Ecumenical Temple
  6887 | Temple   | Became a worshipper of Cheibriados the Contemplative
  7247 | D:7      | Found a hazy altar of Hepliaklqana.
  7371 | D:7      | Found a sand-covered staircase.
  7381 | Ossuary  | Entered an ossuary
  7400 | Ossuary  | Reached * piety under Cheibriados
  7745 | D:7      | Found a white marble altar of Elyvilon.
  7820 | D:7      | Found a glowing silver altar of Zin.
  8179 | D:8      | Noticed Grum
  8473 | D:7      | Reached skill level 5 in Spellcasting
  8500 | D:8      | Killed Grum
  8501 | D:8      | Reached skill level 1 in Invocations
  8525 | D:8      | Learned a level 3 spell: Ignite Poison
  8616 | D:8      | Reached ** piety under Cheibriados
  8639 | D:8      | Found a basalt altar of Yredelemnul.
  9221 | D:8      | Found an opulent altar of Gozag.
  9346 | D:8      | Noticed Psyche
  9353 | D:8      | Learned a level 3 spell: Spider Form
  9359 | D:8      | Killed Psyche
  9360 | D:8      | Reached XP level 11. HP: 56/56 MP: 16/19
  9614 | D:9      | Found Zaxkuzog's Weapon Emporium.
  9623 | D:9      | Reached skill level 1 in Poison Magic
  9868 | D:9      | Noticed a two-headed ogre
  9887 | D:9      | Mangled by a two-headed ogre

Illustrated notes

Levels and vault maps discovered:
D:1:      dpeg_arrival_tiny_i, layout_loops_cross
D:2:      layout_loops_ring, serial_shops, nicolae_diamond_shop,
          ebering_ecumenical_altar_webs, serial_park_tiny_2, uniq_sigmund,
          uniq_jessica
D:3:      layout_rooms, mainiacjoe_overflow_catwalk, uniq_robin,
          uniq_crazy_yiuf_cottage
D:4:      layout_basic, portal_sewer_entry_f, uniq_grinder, uniq_edmund
D:5:      layout_loops_ring, minmay_fractal_squares_diagonal_5
D:6:      layout_basic, minmay_temple_entry_glassed_door, st_stairs_11,
          uniq_maggie
D:7:      layout_loops_corners, mainiacjoe_overflow_surrounded_room,
          mainiacjoe_overflow_large_starburst, nicolae_ossuary_entry_ruins,
          serial_bayou_pond_d, grunt_ministairs_9, columned_hall_lemuel
D:8:      layout_gridville, nicolae_yredelemnul_corpse_copse,
          general_overflow_altar, serial_glass, glass_columns_a,
          glass_columns_a, kennysheep_generic_room_11, uniq_grum, uniq_psyche
D:9:      layout_roguey [special_room_orc], serial_shops,
          nicolae_shop_bloodbath_and_beyond
Temple:   nicolae_temple_elliptical

Skill      XL: |  1  2  3  4  5  6  7  8  9 10 11 |
---------------+----------------------------------+-----
Fighting       | 1 2 3 4 5 6 |  6.5
Stealth        | 1 2 3 4 5 6 |  6.6
Dodging        | 2 3 4 5 6 |  6.2
Unarmed Combat | 4 5 6 7 |  7.8
Spellcasting   | 3 4 5 |  5.3
Armour         | 1 2 3 4 |  4.3
Transmutations | 3 4 5 6 7 |  7.1
Invocations    | 1 2 |  2.0
Poison Magic   | 1 |  1.3

Action                   |  1- 3 |  4- 6 |  7- 9 | 10-12 || total
-------------------------+-------+-------+-------+-------++-------
Melee: Unarmed           |    31 |       |       |     7 ||    38
       Kick              |    11 |    18 |    90 |    69 ||   188
       Bite              |    15 |    23 |    88 |    83 ||   209
       Headbutt          |     8 |     9 |    51 |    49 ||   117
       Short sword       |    26 |    94 |   316 |   175 ||   611
       Dagger            |     7 |       |       |       ||     7
       Punch             |       |     1 |    12 |    13 ||    26
       Broad axe         |       |       |       |    68 ||    68
 Cast: Beastly Appendage |    21 |    20 |    60 |    41 ||   142
       Wereblood         |       |     1 |    25 |    18 ||    44
       Spider Form       |       |       |       |     3 ||     3
 Abil: End Transformatio |       |       |       |     1 ||     1
  Use: Scroll            |     2 |     2 |       |     6 ||    10
 Stab: Sleeping          |     5 |     2 |     2 |     6 ||    15
Armor: Robe              |    16 |     1 |       |       ||    17
       Ring mail         |       |    50 |   117 |       ||   167
       Steam dragon scal |       |       |    12 |    96 ||   108
Dodge: Dodged            |    24 |    41 |   188 |   278 ||   531
Block: Other             |       |    23 |    75 |    79 ||   177
       Reflection        |       |       |     3 |     1 ||     4

Table legend: (Time is in decaauts)
 A = Elapsed time spent in this place.
 B = Non-inter-level travel time spent in this place.
 C = Inter-level travel time spent in this place.
 D = Time resting spent in this place.
 E = Time spent auto-exploring this place.
 F = Levels seen in this place.
 G = Mean time per level.
                   A        B        C        D        E       F      G
               +--------+--------+--------+--------+--------+-----+--------+
         Total |  10890 |  10492 |    398 |   2082 |   5754 |  12 |  907.5 |
       Dungeon |   9915 |   9554 |    361 |   2033 |   5226 |   9 | 1101.7 |
        Temple |    220 |    184 |     36 |      0 |    129 |   1 |  220.0 |
         Sewer |    534 |    534 |      0 |     49 |    252 |   1 |  534.0 |
       Ossuary |    219 |    219 |      0 |      0 |    147 |   1 |  219.0 |
               +--------+--------+--------+--------+--------+-----+--------+

Top non-repeatable levels by time:
     D:1: 1812 daAuts
     D:7: 1617 daAuts
     D:8: 1527 daAuts
     D:6: 1061 daAuts
     D:5: 951 daAuts
     D:3: 941 daAuts
     D:2: 840 daAuts
     D:4: 788 daAuts
   Sewer: 534 daAuts
     D:9: 375 daAuts
  Temple: 220 daAuts
 Ossuary: 219 daAuts
